 Dungeon Crawl Stone Soup version 0.16-a0-1970-g0967df0 (webtiles) character file.

11 thegroundistoosoft the Insei (level 2, -1/24 HPs)
             Began as a Mummy Monk on Nov 8, 2014.
             Slain by a jackal (3 damage)
             ... on level 1 of the Dungeon.
             The game lasted 00:03:34 (376 turns).

thegroundistoosoft the Insei (Mummy Monk)            Turns: 376, Time: 00:03:34

Health: -1/24      AC:  0    Str: 14    XL:     2   Next: 17%
Magic:  2/2        EV: 13    Int:  9    God:
Gold:   30         SH:  0    Dex: 14    Spells: 0 memorised, 1 level left

rFire  x . .     SeeInvis .       - Unarmed
rCold  + . .     Clarity  .     (no armour)
rNeg   + + +     SustAb   .     (no shield)
rPois  +         Gourm    .     (no helmet)
rElec  .         Spirit   .     (no cloak)
rCorr  .         Warding  .     (no gloves)
rMut   .         Stasis   .     (no boots)
MR     .....                    (no amulet)
Stlth  ++........               (no ring)
                                (no ring)

@: not resistant to hostile enchantments, unstealthy
A: no food or potions, fire vulnerability, restore body, cold resistance 1,
negative energy resistance 3, poison resistance, torment resistance, unbreathing
a: no special abilities


You were on level 1 of the Dungeon.
You were not hungry.

You visited 1 branch of the dungeon, and saw 1 of its levels.

You collected 30 gold pieces.


Innate Abilities, Weirdness & Mutations

You do not eat or drink.
Your flesh is vulnerable to fire.
Your flesh is cold resistant.
You are immune to negative energy.
Your system is resistant to poisons.
You are immune to unholy pain and torment.
You can survive without breathing.


   Skills:
 - Level 3.0 Fighting
 - Level 2.4 Dodging
 - Level 1.5 Stealth
 + Level 3.7 Unarmed Combat


You had one spell level left.
You didn't know any spells.

Inventory:

Scrolls
 c - a scroll of remove curse

Dungeon Overview and Level Annotations

Branches:
Dungeon (1/15)

Altars:

.... ... ... ....... .#
........ .# ......# # .# ###
.....# ..... .####.## ....#
...... .......## ... ........
........# #.# #.........
........###### #@###..........
........)....###h##.......h...
.......###...)..h...###...#.#.#
..............!....#..h...h....
.......................>....$..
...###+#######'###.#.#....##=..
...#..⌠...>...⌠..#÷..#....#
...#......<......#..##....#
.).+⌠....###....⌠+........#


You could see 2 jackals.


Message History

The jackal bites you.
* * * LOW HITPOINT WARNING * * *
The jackal misses you.
You barely miss the jackal.
The jackal is moderately wounded.
The jackal bites you.
* * * LOW HITPOINT WARNING * * *
You hit the jackal but do no damage.
The jackal is moderately wounded.
The jackal closely misses you.
You barely miss the jackal.
The jackal is moderately wounded.
The jackal closely misses you.
You hit the jackal.
The jackal is heavily wounded.
The jackal bites you.
* * * LOW HITPOINT WARNING * * *
The jackal barely misses you.
You hit the jackal.
You kill the jackal!
The jackal bites you.
* * * LOW HITPOINT WARNING * * *
Read which item? (? for menu, Esc to quit)
Okay, then.
Read which item? (? for menu, Esc to quit)
None of your equipped items are cursed.
You hit the jackal but do no damage.
The jackal is moderately wounded.
The jackal bites you.
You die...

Action                   || total
-------------------------++-------
Melee: Unarmed           ||    41
  Use: Scroll            ||     2

Vault maps used:
D:1:      dpeg_arrival_caged_fury

Notes
Turn   | Place    | Note
--------------------------------------------------------------
     0 | D:1      | thegroundistoosoft, the Mummy Monk, began the quest for the Orb.
     0 | D:1      | Reached XP level 1. HP: 18/18 MP: 1/1
     7 | D:1      | Artagel: :D
     7 | D:1      | Artagel: looks like a safe vault to open
     7 | D:1      | thegroundistoosoft: what could possibly happen
    16 | D:1      | thegroundistoosoft: you know I actually chose the rules pretty much at random
    16 | D:1      | thegroundistoosoft: but I can't think of a character consistently worse than this
    16 | D:1      | thegroundistoosoft: or that has a harder time with literally anything
   229 | D:1      | Artagel: well you have a non-rng character
   330 | D:1      | Artagel: who has 0 fighting prowess by default and -2 apt to a skill based way of dealing damager
   330 | D:1      | Artagel: without might etc because cant drink
   330 | D:1      | thegroundistoosoft: 2sober
   338 | D:1      | Artagel: indeed
   343 | D:1      | Artagel: gotta stay attuned to the AA creed
   353 | D:1      | Reached XP level 2. HP: 17/24 MP: 2/2
   365 | D:1      | thegroundistoosoft: please no
   375 | D:1      | Artagel: mercy
   375 | D:1      | HP: 2/24 [jackal (2)]
   376 | D:1      | Artagel: the jackals
   376 | D:1      | Artagel: are too many
   376 | D:1      | thegroundistoosoft: :<
   376 | D:1      | thegroundistoosoft: I beg to differ.
   376 | D:1      | thegroundistoosoft: something is clearly wrong here
   376 | D:1      | Slain by a jackal

Vanquished Creatures
  2 bats (D:1)
  2 goblins (D:1)
  2 hobgoblins (D:1)
  2 jackals (D:1)
  A rat (D:1)
9 creatures vanquished.
